 Dungeon Crawl Stone Soup version 0.27.0-1-g7a089689b8 (webtiles) character file.

Game seed: 18110289603086255945

43 SnakkuSnakku7 the Skirmisher (level 3, -1/24 HPs)
             Began as a Gargoyle Berserker on Aug 11, 2021.
             Was a Follower of Trog.
             Slain by a gnoll (3 damage)
             ... on level 1 of the Dungeon.
             The game lasted 00:01:09 (727 turns).

SnakkuSnakku7 the Skirmisher (Gargoyle Berserker)    Turns: 727, Time: 00:01:09

Health: -1/24      AC:  5    Str: 20    XL:     3   Next: 58%
Magic:  3/3        EV: 11    Int:  7    God:    Trog [*.....]
Gold:   35         SH:  0    Dex: 10    Spells: 2/2 levels left

rFire    . . .     SeeInvis .   a - +0 hand axe
rCold    . . .     Faith    .   (no shield)
rNeg     + . .     Spirit   .   b - +0 animal skin
rPois    ∞         Reflect  .   (no helmet)
rElec    +         Harm     .   (no cloak)
rCorr    .         Rampage  .   (no gloves)
Will     .....                  (no boots)
Stlth    +.........             (no amulet)
HPRegen  0.08/turn              (no ring)
MPRegen  0.08/turn              (no ring)

@: on berserk cooldown, slowed, very slow
A: sickness immunity, AC +3, negative energy resistance 1, electricity
resistance, torment resistance 1, petrification resistance
a: Renounce Religion, Berserk


You were on level 1 of the Dungeon.
You worshipped Trog.
Trog was aware of your devotion.
You visited 1 branch of the dungeon, and saw 2 of its levels.

You collected 35 gold pieces.

Inventory:

Hand Weapons
 a - a +0 hand axe (weapon)
Missiles
 g - 6 curare-tipped darts (quivered)
Armour
 b - a +0 animal skin (worn)
Scrolls
 c - 2 scrolls of immolation {unknown}
 e - a scroll of enchant weapon {unknown}
 f - a scroll of teleportation {unknown}
Potions
 d - 2 potions of curing {unknown}


   Skills:
 + Level 4.2 Fighting
 + Level 3.4 Axes
 - Level 2.1 Armour
 - Level 1.5 Dodging


You had 2 spell levels left.
You didn't know any spells.
Your spell library was empty.

Dungeon Overview and Level Annotations

Branches:
Dungeon (2/15)

Altars:


Innate Abilities, Weirdness & Mutations

You are immune to sickness and miasma.
Your stone body is resilient. (AC +3)
You are immune to poison.
You resist negative energy. (rN+)
You are resistant to electric shocks. (rElec)
You are resistant to unholy torment.
You are immune to petrification.


Message History

Found a stone staircase leading down.
You feel your anger nearly subside.
You are no longer berserk.
You are exhausted.
You feel yourself slow down.
d - 2 yellow potions (gained 1)
A gnoll comes into view. It is wielding a +0 flail.
The gnoll shouts!
A gnoll comes into view. It is wielding a +0 spear. x2
A gnoll comes into view. It is wielding a +0 club.
You see here 7 curare-tipped darts.
g - 7 curare-tipped darts The gnoll shouts!
Unknown command.
The gnoll shouts!
The gnoll hits you with a +0 flail. The gnoll hits you with a +0 flail.
The gnoll barely misses you. The gnoll hits you with a +0 flail!
* * * LOW HITPOINT WARNING * * *
There is a stone staircase leading up here.
You see here a +0 whip.
Unknown command.
The gnoll hits you with a +0 flail.
* * * LOW HITPOINT WARNING * * *
The gnoll closely misses you. x3
The gnoll hits you from afar with a +0 spear.
* * * LOW HITPOINT WARNING * * *
You climb upwards.
There is a stone staircase leading down here.
Okay, then.
You aren't carrying any items that you can evoke.
Unknown command.
Okay, then.
Throw: 7 darts (curare)
Press: ? - help, Q - select action Shift-Dir - straight line, f - gnoll
Aim: a gnoll, wielding a +0 flail (61% to hit)
You throw a curare-tipped dart.
The curare-tipped dart barely misses the gnoll.
The gnoll hits you with a +0 flail.
You die...

.#.#.....# #.....>.# #.#
.........####...(...#############
.#.#.............................
.....##..........................
#######..........................
...>.#..##...........############
.......###.##........# #.#
.....### #.##...g....# #.#
.......#####....@....# #.#
.....#.......##......# #.#
.....##########.###### #.#
.............#..# #.#
#....#######.#.## #####.#######
#....###.#.....######........÷.÷.
#....#.....#####.......#.....).)#
#......#.###############........#
#....########8##### #.........


You could see a gnoll.

Vanquished Creatures
  An adder (D:2)
  5 ball pythons (D:1)
  4 bats (D:1)
  3 endoplasms (D:1)
  A giant cockroach (D:1)
  2 hobgoblins (D:1)
  6 jackals (D:1)
  5 kobolds
  A quokka (D:1)
  A frilled lizard (D:1)
29 creatures vanquished.

Notes
Turn   | Place    | Note
-------+----------+-------------------------------------------
     0 | D:1      | SnakkuSnakku7 the Gargoyle Berserker began the quest for
                  | the Orb.
     0 | D:1      | Reached XP level 1. HP: 14/14 MP: 1/1
    86 | D:1      | Reached XP level 2. HP: 12/19 MP: 2/2
   297 | D:1      | Reached XP level 3. HP: 16/24 MP: 3/3
   299 | D:1      | Reached skill level 4 in Fighting
   725 | D:2      | HP: 1/24 [gnoll (1)]
   727 | D:1      | Slain by a gnoll

Illustrated notes

Levels and vault maps discovered:
D:1:      heliophobic_arrival_dark_side_of_the_moon, layout_rooms,
          serial_co_window_serial, co_window_paths_a, co_window_cross_1,
          co_window_paths_a, co_window_paths_a, co_window_paths_b,
          co_window_broadway_c, co_window_unsneaky_path_a, co_window_corner_ca,
          glass_columns_c, glass_columns_b, glass_columns_c
D:2:      layout_loops_ring

Skill      XL: |  1  2  3 |
---------------+----------+-----
Axes           | 3 |  3.4
Fighting       | 4 |  4.2
Armour         | |  2.1
Dodging        | |  1.5

Action                   || total
-------------------------++-------
Melee: Hand axe          ||    67
Throw: Dart              ||     1
Invok: Berserk           ||     2
 Stab: Sleeping          ||     3
Armor: Animal skin       ||    33
Dodge: Dodged            ||    63
